IL
TOLEDO MUD HENS @ LOUISVILLE STALLIONS
08/12/1982
 
TOP OF THE 1ST
Toledo Mud Hens batting - Pitching for Louisville Stallions : RHP Jerry Ujdur
Pitching: RHP Jerry Ujdur
Batting: RHB Frank Moisa 0-0: Ground out 4-3 (Groundball, 4, EV 89.4 MPH)
Batting: LHB Ron Diggle 0-0: Ball
1-0: Foul Ball, location: 2F
1-1: Fly out, F8 (Flyball, 78D, EV 105.6 MPH)
Batting: SHB Ken Henderson 0-0: Ball
1-0: Called Strike
1-1: Foul Ball, location: 2F
1-2: DOUBLE (Flyball, 8LXD, EV 108.8 MPH)
Batting: RHB Gorman Thomas 0-0: Ball
1-0: Ball
2-0: Ball
3-0: Called Strike
3-1: Foul Ball, location: 2F
3-2: Strikes out swinging
Top of the 1st over - 0 runs, 1 hit, 0 errors, 1 left on base; Toledo 0 - Louisville 0
BOTTOM OF THE 1ST
Louisville Stallions batting - Pitching for Toledo Mud Hens : RHP Marty Hulse
Pitching: RHP Marty Hulse
Batting: SHB Harry Chappas 0-0: SINGLE (Line Drive, 8RM, EV 111.3 MPH)
Batting: RHB Stephen Dembowski 0-0: Ball
1-0: Ball
2-0: Fielders Choice at 2nd, 4-6 (Groundball, 4, EV 103.1 MPH)
Batting: LHB Ted May 0-0: Ball
1-0: Ball
2-0: Called Strike
Stephen Dembowski steals 2nd base
2-1: Ball
3-1: Foul Ball, location: 2F
3-2: Base on Balls
Batting: SHB Orestes Destrade 0-0: Called Strike
0-1: Ball
1-1: Ball
2-1: Fielders Choice at 2nd, 3-6 (Groundball, 3, EV 98.1 MPH)
Stephen Dembowski to third
Batting: SHB Gerald DeSimone 0-0: Ball
1-0: Fly out, F8 (Flyball, 78D, EV 106.3 MPH)
Bottom of the 1st over - 0 runs, 1 hit, 0 errors, 2 left on base; Toledo 0 - Louisville 0
TOP OF THE 2ND
Toledo Mud Hens batting - Pitching for Louisville Stallions : RHP Jerry Ujdur
Batting: RHB Milt Jefferson 0-0: Called Strike
0-1: Ground out 5-3 (Groundball, 56, EV 98.1 MPH)
Batting: RHB Don Lyle 0-0: Called Strike
0-1: Fly out, F8 (Flyball, 8LXD, EV 80.6 MPH)
Batting: LHB Rich Coggins 0-0: Called Strike
0-1: Ball
1-1: Fly out, F9 (Line Drive, 9D, EV 93.1 MPH)
Top of the 2nd over - 0 runs, 0 hits, 0 errors, 0 left on base; Toledo 0 - Louisville 0
BOTTOM OF THE 2ND
Louisville Stallions batting - Pitching for Toledo Mud Hens : RHP Marty Hulse
Batting: LHB Steven Mobberley 0-0: Foul Ball, location: 2F
0-1: Ball
1-1: Swinging Strike
1-2: Ball
2-2: Hit by Pitch
Batting: RHB Kelly Heath 0-0: Called Strike
Steven Mobberley steals 2nd base
0-1: Foul Ball, location: 2F
0-2: Foul Ball, location: 2F
0-2: Foul Ball, location: 2F
0-2: Strikes out swinging
Batting: LHB John Tucker 0-0: Ground out 4-3 (Groundball, 4M, EV 102.5 MPH)
Steven Mobberley to third
Batting: RHB Gordy Hodgson 0-0: Ball
1-0: Foul Ball, location: 2F
1-1: Called Strike
1-2: Ground out 2-3 (Groundball, 2L, EV 65.6 MPH)
Bottom of the 2nd over - 0 runs, 0 hits, 0 errors, 1 left on base; Toledo 0 - Louisville 0
TOP OF THE 3RD
Toledo Mud Hens batting - Pitching for Louisville Stallions : RHP Jerry Ujdur
Batting: RHB Dennis Odom 0-0: Ball
1-0: Fly out, F8 (Flyball, 8LS, EV 83.1 MPH)
Batting: RHB Gary Allenson 0-0: Swinging Strike
0-1: Swinging Strike
0-2: Ball
1-2: Ball
2-2: Strikes out swinging
Batting: RHB Frank Moisa 0-0: Ball
1-0: Swinging Strike
1-1: Foul Ball, location: 2F
1-2: Ball
2-2: Strikes out swinging
Top of the 3rd over - 0 runs, 0 hits, 0 errors, 0 left on base; Toledo 0 - Louisville 0
BOTTOM OF THE 3RD
Louisville Stallions batting - Pitching for Toledo Mud Hens : RHP Marty Hulse
Batting: SHB Harry Chappas 0-0: Ball
1-0: Ball
2-0: Ball
3-0: Base on Balls
Batting: RHB Stephen Dembowski 0-0: Ball
Harry Chappas steals 2nd base
1-0: Foul Ball, location: 2F
1-1: Called Strike
Harry Chappas is caught stealing 3rd base 2-5
1-2: Ball
2-2: SINGLE (Groundball, 25, EV 69.4 MPH) (infield hit)
Batting: LHB Ted May 0-0: Ball
1-0: SINGLE (Line Drive, 34D, EV 110.6 MPH)
Stephen Dembowski to second
Batting: SHB Orestes Destrade 0-0: Ball
1-0: Fly out, F7 (Line Drive, 7D, EV 85.0 MPH)
Runner from 2nd tags up, SAFE at 3rd with throw by LF
Batting: SHB Gerald DeSimone 0-0: Ball
1-0: Ball
2-0: Called Strike
2-1: Fielders Choice at 2nd, 5-4 (Groundball, 5, EV 86.3 MPH)
Bottom of the 3rd over - 0 runs, 2 hits, 0 errors, 2 left on base; Toledo 0 - Louisville 0
TOP OF THE 4TH
Toledo Mud Hens batting - Pitching for Louisville Stallions : RHP Jerry Ujdur
Batting: LHB Ron Diggle 0-0: Ground out 3-1 (Groundball, 34, EV 100.0 MPH)
Batting: SHB Ken Henderson 0-0: Ball
1-0: Called Strike
1-1: Foul Ball, location: 2F
1-2: Strikes out swinging
Batting: RHB Gorman Thomas 0-0: SOLO HOME RUN (Flyball, 7LD, EV 101.3 MPH), Distance : 350 ft
Batting: RHB Milt Jefferson 0-0: Ball
1-0: Ball
2-0: Ground out 1-3 (Groundball, P, EV 69.4 MPH)
Top of the 4th over - 1 run, 1 hit, 0 errors, 0 left on base; Toledo 1 - Louisville 0
BOTTOM OF THE 4TH
Louisville Stallions batting - Pitching for Toledo Mud Hens : RHP Marty Hulse
Batting: LHB Steven Mobberley 0-0: SINGLE (Line Drive, 5D, EV 108.8 MPH)
Batting: RHB Kelly Heath 0-0: Called Strike
0-1: Ball
1-1: Ball
2-1: Ball
3-1: Foul Ball, location: 2F
3-2: Base on Balls
Steven Mobberley to second
Batting: LHB John Tucker 0-0: Ball
1-0: Ball
2-0: Ball
3-0: Called Strike
3-1: Swinging Strike
3-2: TRIPLE (Line Drive, 89XD, EV 103.8 MPH)
Steven Mobberley scores
Kelly Heath scores
Batting: RHB Gordy Hodgson 0-0: Called Strike
0-1: Fly out, F7 (Flyball, 78D, EV 74.4 MPH)
Runner from 3rd tags up, SCORES, no throw by LF
Batting: SHB Harry Chappas 0-0: Called Strike
0-1: Ball
1-1: Foul Ball, location: 2F
1-2: Fly out, F7 (Flyball, 7LM, EV 104.4 MPH)
Batting: RHB Stephen Dembowski 0-0: Ball
1-0: SINGLE (Line Drive, 9S, EV 97.5 MPH)
Batting: LHB Ted May 0-0: Called Strike
0-1: Swinging Strike
0-2: Strikes out swinging
Bottom of the 4th over - 3 runs, 3 hits, 0 errors, 1 left on base; Toledo 1 - Louisville 3
TOP OF THE 5TH
Toledo Mud Hens batting - Pitching for Louisville Stallions : RHP Jerry Ujdur
Batting: RHB Don Lyle 0-0: Swinging Strike
0-1: Ball
1-1: Foul Ball, location: 2F
1-2: Strikes out swinging
Batting: LHB Rich Coggins 0-0: Ball
1-0: Called Strike
1-1: Foul Ball, location: 2F
1-2: Fly out, F8 (Flyball, 8RXD, EV 98.1 MPH)
Batting: RHB Dennis Odom 0-0: Called Strike
0-1: Ball
1-1: Ball
2-1: Ball
3-1: Fly out, F8 (Flyball, 8RM, EV 83.1 MPH)
Top of the 5th over - 0 runs, 0 hits, 0 errors, 0 left on base; Toledo 1 - Louisville 3
BOTTOM OF THE 5TH
Louisville Stallions batting - Pitching for Toledo Mud Hens : RHP Marty Hulse
Batting: SHB Orestes Destrade 0-0: Called Strike
0-1: SINGLE (Groundball, 6D, EV 96.9 MPH)
Batting: SHB Gerald DeSimone 0-0: Ball
1-0: Called Strike
1-1: Ball
2-1: Swinging Strike
2-2: Ball
3-2: Base on Balls
Orestes Destrade to second
Batting: LHB Steven Mobberley 0-0: Called Strike
0-1: Fielders Choice at 2nd, U6 (Groundball, 4M, EV 86.9 MPH)
Orestes Destrade to third
Batting: RHB Kelly Heath 0-0: Ball
Steven Mobberley steals 2nd base
1-0: Swinging Strike
1-1: Foul Ball, location: 2F
1-2: Strikes out swinging
Batting: LHB John Tucker 0-0: Ball
1-0: Ball
2-0: DOUBLE (Line Drive, 7LM, EV 91.9 MPH)
Orestes Destrade scores
Steven Mobberley scores
Batting: RHB Gordy Hodgson 0-0: Called Strike
0-1: Ball
1-1: SINGLE (Groundball, 6MD, EV 109.4 MPH)
John Tucker to third
Runner from 3rd tries for Home, SAFE, throw by CF to home
Pitching: RHP Kenneth Noble
Batting: SHB Harry Chappas 0-0: Ball
1-0: Fly out, F9 (Flyball, 9LM, EV 78.8 MPH)
Bottom of the 5th over - 3 runs, 3 hits, 0 errors, 1 left on base; Toledo 1 - Louisville 6
TOP OF THE 6TH
Toledo Mud Hens batting - Pitching for Louisville Stallions : RHP Jerry Ujdur
Batting: RHB Gary Allenson 0-0: Ball
1-0: Ball
2-0: SINGLE (Groundball, 56D, EV 109.4 MPH)
Batting: RHB Frank Moisa 0-0: Ball
1-0: Foul Ball, location: 2F
1-1: Ground out 4-3 (Groundball, 13, EV 82.5 MPH)
Gary Allenson to second
Batting: LHB Ron Diggle 0-0: Called Strike
0-1: Foul Ball, location: 2F
0-2: Ball
1-2: Foul Ball, location: 2F
1-2: Strikes out swinging
Batting: SHB Ken Henderson 0-0: Ball
1-0: Ball
2-0: Called Strike
2-1: Foul Ball, location: 2F
2-2: Strikes out swinging, 2-3 out at first.
Top of the 6th over - 0 runs, 1 hit, 0 errors, 1 left on base; Toledo 1 - Louisville 6
BOTTOM OF THE 6TH
Louisville Stallions batting - Pitching for Toledo Mud Hens : RHP Kenneth Noble
Batting: RHB Stephen Dembowski 0-0: Called Strike
0-1: Called Strike
0-2: Strikes out swinging
Batting: LHB Ted May 0-0: Called Strike
0-1: Foul Ball, location: 2F
0-2: Strikes out looking
Batting: SHB Orestes Destrade 0-0: Ball
1-0: Foul Ball, location: 2F
1-1: Ball
2-1: Foul Ball, location: 2F
2-2: SOLO HOME RUN (Flyball, 9D, EV 101.9 MPH), Distance : 373 ft
Batting: SHB Gerald DeSimone 0-0: Called Strike
0-1: Swinging Strike
0-2: Ball
1-2: Ball
2-2: Foul Ball, location: 2F
2-2: Ball
3-2: Strikes out looking
Bottom of the 6th over - 1 run, 1 hit, 0 errors, 0 left on base; Toledo 1 - Louisville 7
TOP OF THE 7TH
Toledo Mud Hens batting - Pitching for Louisville Stallions : RHP Jerry Ujdur
Batting: RHB Gorman Thomas 0-0: SINGLE (Line Drive, 56, EV 102.5 MPH)
Batting: RHB Milt Jefferson 0-0: Ball
1-0: Called Strike
1-1: SINGLE (Line Drive, 56D, EV 105.6 MPH)
Gorman Thomas to second
Batting: RHB Don Lyle 0-0: Called Strike
0-1: Swinging Strike
0-2: Ball
1-2: Strikes out swinging
Batting: LHB Rich Coggins 0-0: Called Strike
Gorman Thomas steals 3rd base
Milt Jefferson to second
0-1: Foul Ball, location: 2F
0-2: Ball
1-2: Ball
2-2: Foul Ball, location: 2F
2-2: Ball
3-2: Ground out 6-3 (Groundball, 15, EV 82.5 MPH)
Gorman Thomas scores
Batting: RHB Dennis Odom 0-0: Swinging Strike
0-1: Called Strike
0-2: Ball
1-2: Ball
2-2: Ball
3-2: Strikes out swinging
Top of the 7th over - 1 run, 2 hits, 0 errors, 1 left on base; Toledo 2 - Louisville 7
BOTTOM OF THE 7TH
Louisville Stallions batting - Pitching for Toledo Mud Hens : RHP Kenneth Noble
Batting: LHB Steven Mobberley 0-0: Ball
1-0: Ball
2-0: Called Strike
2-1: Ball
3-1: Called Strike
3-2: SOLO HOME RUN (Flyball, 9D, EV 106.9 MPH), Distance : 375 ft
Batting: RHB Kelly Heath 0-0: Called Strike
0-1: Ground out 4-3 (Groundball, 4, EV 102.5 MPH)
Batting: LHB John Tucker 0-0: Ground out U3 (Groundball, 3, EV 85.6 MPH)
Batting: RHB Gordy Hodgson 0-0: Ball
1-0: Ground out 4-3 (Groundball, 4, EV 106.3 MPH)
Bottom of the 7th over - 1 run, 1 hit, 0 errors, 0 left on base; Toledo 2 - Louisville 8
TOP OF THE 8TH
Toledo Mud Hens batting - Pitching for Louisville Stallions : RHP Jerry Ujdur
Batting: RHB Gary Allenson 0-0: Fly out, F4 (Popup, 4S, EV 80.6 MPH)
Batting: RHB Frank Moisa 0-0: Foul Ball, location: 2F
0-1: Ground out 6-3 (Groundball, 6M, EV 98.8 MPH)
Batting: LHB Ron Diggle 0-0: Swinging Strike
0-1: Foul Ball, location: 2F
0-2: Foul Ball, location: 2F
0-2: Foul Ball, location: 2F
0-2: Ball
1-2: Foul Ball, location: 2F
1-2: Ball
2-2: Fly out, F5 (Flyball, 56D, EV 83.8 MPH)
Top of the 8th over - 0 runs, 0 hits, 0 errors, 0 left on base; Toledo 2 - Louisville 8
BOTTOM OF THE 8TH
Louisville Stallions batting - Pitching for Toledo Mud Hens : RHP Kenneth Noble
Batting: SHB Harry Chappas 0-0: Swinging Strike
0-1: Foul Ball, location: 2F
0-2: Strikes out swinging
Batting: RHB Stephen Dembowski 0-0: Swinging Strike
0-1: Fly out, F4 (Line Drive, 4, EV 70.0 MPH)
Batting: LHB Ted May 0-0: Foul Ball, location: 2F
0-1: Foul Ball, location: 2F
0-2: Ball
1-2: Ball
2-2: Ball
3-2: Fly out, F9 (Flyball, 9D, EV 95.0 MPH)
Bottom of the 8th over - 0 runs, 0 hits, 0 errors, 0 left on base; Toledo 2 - Louisville 8
TOP OF THE 9TH
Toledo Mud Hens batting - Pitching for Louisville Stallions : RHP Jerry Ujdur
Batting: SHB Ken Henderson 0-0: Reached on error, E3 (Groundball, 34, EV 92.5 MPH)
Batting: RHB Gorman Thomas 0-0: Called Strike
0-1: Foul Ball, location: 2F
0-2: Ball
1-2: Fly out, F7 (Line Drive, 7, EV 100.0 MPH)
Pitching: LHP Phil Nastu
Batting: RHB Milt Jefferson 0-0: Swinging Strike
0-1: SINGLE (Groundball, 56D, EV 100.0 MPH)
Ken Henderson to second
Batting: RHB Don Lyle 0-0: Called Strike
0-1: Foul Ball, location: 2F
0-2: Ball
1-2: Ball
2-2: Ball
3-2: Fly out, F9 (Flyball, 9S, EV 86.9 MPH)
Batting: LHB Rich Coggins 0-0: Ball
1-0: Ball
2-0: Foul Ball, location: 2F
2-1: Ball
3-1: 3-RUN HOME RUN (Flyball, 9D, EV 103.1 MPH), Distance : 369 ft
Pitching: RHP Jeff Taylor
Batting: RHB Dennis Odom 0-0: Called Strike
0-1: Called Strike
0-2: Ground out 6-3 (Groundball, 6, EV 94.4 MPH)
Top of the 9th over - 3 runs, 2 hits, 1 error, 0 left on base; Toledo 5 - Louisville 8
Friday, August 21st, 2020 - OOTP Baseball 21.5 Build 76